 Dungeon Sprint DCSS version 0.13.2 (webtiles) character file.

1793 sanboga the Fighter (level 9, -7/57 HPs)
             Began as a Gargoyle Monk on Mar 21, 2018.
             Was a High Priest of Trog.
             Killed by divine providence
             ... invoked by a mummy priest
              (13 damage)
             ... in the Dungeon (Sprint V: "Ziggurat Sprint").
             The game lasted 00:05:54 (521 turns).

sanboga the Fighter (Gargoyle Monk)                  Turns: 521, Time: 00:05:55

HP  -7/57        AC 35     Str 29      XL: 9   Next:  9%
MP   8/8         EV  6     Int 12      God: Trog [*****.]
Gold 0           SH 31     Dex 12      Spells:  0 memorised,  8 levels left

Res.Fire  : . . .   See Invis. : .   a - +5 broad axe
Res.Cold  : . . .   Warding    : .   F - +15 Maxwell's patent armour {rCorr, Cons, -Cast -Tele MR+}
Life Prot.: + + .   Conserve   : +   G - +6 shield of the gong {rElec rN+ MR+}
Res.Poison: +       Res.Corr.  : +   (no helmet)
Res.Elec. : +       Clarity    : .   (no cloak)
Sust.Abil.: . .     Spirit.Shd : .   (no gloves)
Res.Mut.  : .       Prev.Telep.: +   (no boots)
Res.Rott. : +       Flight     : .   (no amulet)
Saprovore : . . .                    A - +6 ring of strength
                                     z - +6 ring of strength

@: exhausted, slowed, very slow, extremely resistant to hostile enchantments,
extremely unstealthy
A: fangs 1, talons 2, life protection 1, electricity resistance, slow metabolism
1, unbreathing, petrification resistance, AC +5
a: Burn Spellbooks, Berserk, Trog's Hand, Brothers in Arms, Renounce Religion


You were in the Dungeon.
You worshipped Trog.
Trog was extremely pleased with you.
You were not hungry.

You visited 1 branch

Inventory:

Hand weapons
 a - a +5,+5 broad axe (weapon)
Armour
 F - the cursed +15 Maxwell's patent armour (worn) {rCorr, Cons, -Cast -Tele MR+}
   (You found it in the Dungeon)

   It affects your resistance to hostile enchantments.
   It prevents spellcasting.
   It prevents most forms of teleportation.
   It has a curse placed upon it.
 G - the cursed +6 shield of the gong (worn) {rElec rN+ MR+}
   (You found it in the Dungeon)

   It insulates you from electricity.
   It protects you from negative energy.
   It affects your resistance to hostile enchantments.
   It has a curse placed upon it.
Magical devices
 v - a wand of hasting (5)
 B - a wand of disintegration (7)
 C - a wand of fire (5)
 D - a wand of cold (5)
 E - a wand of draining (5)
Comestibles
 b - 4 bread rations
 t - 41 strawberries
 u - 4 meat rations
Scrolls
 h - 4 scrolls of blinking
 n - 3 scrolls of recharging
 o - 7 scrolls of fog
 p - a scroll of holy word
 q - 5 scrolls of identify
 r - 5 scrolls of remove curse
 s - 2 scrolls of fear
Jewellery
 z - a +6 ring of strength (left hand)
 A - a +6 ring of strength (right hand)
Potions
 c - 10 potions of curing
 d - 10 potions of heal wounds
 e - 6 potions of speed
 f - 2 potions of invisibility
 g - 3 potions of berserk rage
 i - 2 potions of restore abilities
 j - 4 potions of resistance
 k - a potion of experience
 l - 5 potions of agility
 m - 5 potions of might


   Skills:
 + Level 11.1 Fighting
 + Level 8.3 Axes
 + Level 9.8 Armour
 - Level 4.0 Dodging
 - Level 3.2 Stealth
 + Level 9.8 Shields
 - Level 8.1 Unarmed Combat


You had 8 spell levels left.
You didn't know any spells.

Dungeon Overview and Level Annotations

Branches:
Dungeon (1/1)

Altars:
Ashenzari
Cheibriados
Elyvilon
Fedhas
Kikubaaqudgha
Makhleb
Nemelex Xobeh
Okawaru
Sif Muna
Trog
Vehumet
Xom
Yredelemnul
Zin
the Shining One
Beogh
Jiyva
Lugonu


Innate Abilities, Weirdness & Mutations

You are resistant to torment.
You are immune to poison.
Your stone body is very resilient (AC +5).
You have very sharp teeth.
You have razor-sharp toenails.
You resist negative energy.
You are resistant to electric shocks.
You have a slow metabolism.
You can survive without breathing.
You are immune to petrification.


Message History

The wraith hits your two-headed ogre.
The wraith drains your two-headed ogre's vigor!
Your two-headed ogre seems to slow down.
Your two-headed ogre barely misses the wraith.
The mummy priest calls on the powers of darkness!
You feel a surge of unholy energy.
Your two-headed ogre convulses!
You are no longer berserk.
You are exhausted.
You feel yourself slow down.
The jiangshi claws you but does no damage.
The wraith hits your two-headed ogre.
The wraith drains your two-headed ogre's vigor!
The flaming corpse hits you but does no damage.
You block the jiangshi's attack.
SHROANNG!
The jiangshi claws you but does no damage.
The mummy priest mumbles some strange prayers to its god against you.
Something smites you!
You die...

........#........#
##################
..8©8..# #..:)[..#
#..[....#
#.......#
#.......#
#...M.z.#
#....|z@#
#....pV.#
#...WO..#
#########


You could see a mummy priest, a jiangshi, a flayed ghost, a flaming corpse, a
wraith, an adder simulacrum and a friendly two-headed ogre (berserk).

Vanquished Creatures
  A jiangshi (D)
  A giant amoeba (D)
  A guardian mummy (D)
  2 tarantellas (D)
  A shadow (D)
  2 ugly things (D)
  A soldier ant (shapeshifter) (D)
  A sky beast (shapeshifter) (D)
  A phantom (D)
  An eye of draining (D)
  2 jellies (D)
  A mummy (D)
  2 giant centipedes (D)
  A white imp (D)
  An ufetubus (D)
  An adder zombie (D)
  A giant eyeball (D)
  A giant newt zombie (D)
  A rat zombie (D)
23 creatures vanquished.

Vanquished Creatures (collateral kills)
  A freezing wraith (D)
  A mummy (D)
2 creatures vanquished.

Vanquished Creatures (others)
  Psyche (D)
1 creature vanquished.

Grand Total: 26 creatures vanquished

Notes
Turn   | Place    | Note
--------------------------------------------------------------
     0 | D        | sanboga, the Gargoyle Monk, began the quest for the Orb.
     0 | D        | Reached XP level 1. HP: 12/12 MP: 0/0
     1 | D        | Found an ancient bone altar of Kikubaaqudgha.
     1 | D        | Found a white marble altar of Elyvilon.
     3 | D        | Found an iron altar of Okawaru.
     3 | D        | Found a burning altar of Makhleb.
     5 | D        | Found a radiant altar of Vehumet.
     5 | D        | Found a deep blue altar of Sif Muna.
     5 | D        | Found a basalt altar of Yredelemnul.
     5 | D        | Found a sparkling altar of Nemelex Xobeh.
     9 | D        | Found a bloodstained altar of Trog.
    42 | D        | Became a worshipper of Trog the Wrathful
    42 | D        | Acquired Trog's first power
    42 | D        | Acquired Trog's second power
    50 | D        | Found a shimmering altar of Xom.
   108 | D        | Entered arena 1.
   108 | D        | Noticed a phantom
   117 | D        | Killed a phantom
   117 | D        | Reached skill level 5 in Fighting
   117 | D        | Reached skill level 1 in Axes
   117 | D        | Reached skill level 8 in Unarmed Combat
   117 | D        | Reached XP level 2. HP: 16/18 MP: 1/1
   117 | D        | Reached XP level 3. HP: 19/22 MP: 2/2
   117 | D        | Reached XP level 4. HP: 24/28 MP: 3/3
   159 | D        | Entered arena 2.
   163 | D        | Reached skill level 1 in Armour
   163 | D        | Reached skill level 1 in Shields
   260 | D        | Entered arena 3.
   260 | D        | Noticed a tarantella
   260 | D        | Noticed a tarantella
   265 | D        | Killed a tarantella
   265 | D        | Reached XP level 5. HP: 33/33 MP: 4/4
   265 | D        | Reached XP level 6. HP: 39/39 MP: 5/5
   266 | D        | Killed a tarantella
   266 | D        | Reached skill level 5 in Axes
   272 | D        | Acquired Trog's third power
   272 | D        | Killed Psyche
   371 | D        | Entered arena 4.
   371 | D        | Noticed a brown ugly thing
   371 | D        | Noticed a purple ugly thing
   371 | D        | Noticed a big kobold
   371 | D        | Noticed a sky beast
   374 | D        | Noticed a soldier ant
   374 | D        | a big kobold changed into a soldier ant
   376 | D        | Killed a purple ugly thing
   376 | D        | Reached XP level 7. HP: 44/44 MP: 6/6
   377 | D        | Killed a brown ugly thing
   377 | D        | Reached skill level 9 in Fighting
   379 | D        | Killed a sky beast
   379 | D        | Killed a soldier ant
   379 | D        | Reached XP level 8. HP: 51/51 MP: 7/7
   383 | D        | Received a gift from Trog
   417 | D        | Entered arena 5.
   417 | D        | Noticed an eye of draining
   417 | D        | Noticed a giant amoeba
   417 | D        | Noticed a jelly
   417 | D        | Noticed a jelly
   420 | D        | Paralysed by a giant eyeball for 3 turns
   423 | D        | Killed a jelly
   424 | D        | Killed a jelly
   426 | D        | Killed an eye of draining
   426 | D        | Reached skill level 10 in Fighting
   427 | D        | Killed a giant amoeba
   504 | D        | Entered arena 6.
   504 | D        | Noticed a mummy priest
   504 | D        | Noticed a guardian mummy
   506 | D        | Noticed a jiangshi
   506 | D        | Noticed a jiangshi
   507 | D        | Noticed a flayed ghost
   510 | D        | Noticed a flaming corpse
   515 | D        | Killed a guardian mummy
   515 | D        | Reached skill level 11 in Fighting
   515 | D        | Reached XP level 9. HP: 17/57 MP: 8/8
   518 | D        | Killed a jiangshi
   521 | D        | Killed from afar by a mummy priest

Action                   |  1- 3 |  4- 6 |  7- 9 || total
-------------------------+-------+-------+-------++-------
Melee: Broad axe         |     7 |    10 |    14 ||    31
Invok: Berserk           |       |     2 |     2 ||     4
       Burn Spellbooks   |       |     1 |     1 ||     2
       Brothers in Arms  |       |       |     1 ||     1
Evoke: Wand              |       |     1 |       ||     1
